Predators vs Kings

Created - February 21, 2020 at 19:11

Goals
1 2 3 OT1 SO T
Predators 1 1 1 0 2 3
Kings 1 0 2 0 3 4
Shots
1 2 3 OT1 SO T
Predators 12 8 7 1 5 28
Kings 6 9 11 3 5 29

1st period

1. Predators , Brendan Gallagher 21 (Alexander Ovechkin 44, Ryan Kesler 26) at 6:53 (PP)
2. Kings , Tyler Toffoli 15 (Adam Henrique 31, Gilbert Brule 18) at 15:53

Penalties :
Gilbert Brule (LAK) for Hooking (Minor) at 6:44, John Moore (Nas) for Roughing (Minor) at 8:18, Sean Bergenheim (LAK) for Roughing (Minor) at 16:01

2nd period

3. Predators , Byron Bitz 4 (Andy Miele 8) at 18:12

Penalties :
Sean Bergenheim (LAK) for Interference (Minor) at 13:28, Anze Kopitar (LAK) for Hooking (Minor) at 18:41

3rd period

4. Kings , Gilbert Brule 9 (Pernell Karl Subban 10, Dan Hamhuis 10) at 1:03
5. Predators , Alexander Ovechkin 22 (John Moore 17) at 2:20
6. Kings , Adam Henrique 27 (Gilbert Brule 19, Torey Krug 12) at 11:14 (PP)

Penalties :
Pernell Karl Subban (LAK) for Hooking (Minor) at 6:15, Torey Krug (LAK) for Hooking (Minor) at 8:49, Brendan Gallagher (Nas) for Tripping (Minor) at 9:33, Matt Martin (LAK) for Goalie Interference (Minor) at 11:45, Peter Worrell (LAK) for Hooking (Minor) at 17:49

Overtime #1

No Goal

Penalties :
No Penalty

Shootout

Predators, Alexander Ovechkin - Stopped by Jaroslav Halak
Kings, Gilbert Brule - Stopped by Viktor Fasth
Predators, Niclas Bergfors - Goal!
Kings, Anze Kopitar - Stopped by Viktor Fasth
Predators, Andy Miele - Stopped by Jaroslav Halak
Kings, Peter Regin - Goal!
Predators, Mikael Granlund - Goal!
Kings, Sean Bergenheim - Goal!
Predators, James Van Riemsdyk - Shot Misses the Net
Kings, Matt Martin - Goal!

Penalties :
No Penalty

Goalie Stats

Viktor Fasth (Nas), 26 saves from 29 shots - (0.897), OTL, 21-11-4, 65:00 minutes
Jaroslav Halak (LAK), 25 saves from 28 shots - (0.893), W, 18-20-3, 65:00 minutes

Players Stats for Predators

Player Name              G  A  P  +/- PIM S  H  SB GA TA FO     MP     PP MP  PK MP  
------------------------------------------------------------------------------------
Adam Burish              0  0  0  -1  0   1  0  0  1  1  0/0     9:08   0:00   1:08 
Alexander Edler          0  0  0   0  0   2  1  1  1  0  0/0    28:36   6:42   1:13 
Alexander Ovechkin       1  1  2   0  0   3  6  1  0  0  2/4    25:16   6:58   0:50 
Alexander Steen          0  0  0   1  0   2  1  0  0  0  0/0     9:21   0:00   0:00 
Andy Miele               0  1  1   1  0   2  1  0  0  0  2/6    12:10   0:12   1:21 
Brendan Gallagher        1  0  1   0  2   2  3  0  2  0  0/2    21:35   6:45   0:30 
Byron Bitz               1  0  1   1  0   2  0  0  0  0  0/0     9:56   0:00   0:35 
Denis Grebeshkov         0  0  0   2  0   2  4  0  1  0  0/0    10:47   0:00   0:00 
James Van Riemsdyk       0  0  0   0  0   0  3  0  1  0  0/1    17:40   5:49   0:00 
John Moore               0  1  1  -2  2   1  1  1  0  1  0/0    23:44   6:05   0:00 
Justin Abdelkader        0  0  0  -1  0   1  1  0  0  0  0/1     9:52   0:00   0:26 
Mikael Granlund          0  0  0   0  0   0  1  1  0  0  2/6    19:29   5:49   0:00 
Nate Schmidt             0  0  0   2  0   0  0  0  0  0  0/0    11:10   0:00   0:46 
Niclas Bergfors          0  0  0   0  0   2  2  0  1  0  0/1    19:29   5:49   0:00 
Nik Antropov             0  0  0  -1  0   2  0  0  0  0  3/4     8:00   0:00   0:00 
Ryan Kesler              0  1  1   0  0   3  2  0  1  0  16/34  24:22   6:58   0:00 
Ryan Mcdonagh            0  0  0   0  0   2  3  1  0  0  0/0    29:51   6:42   1:39 
Ryan Murray              0  0  0  -2  0   1  2  3  0  1  0/0    25:52   6:05   1:12 

Players Stats for Kings

Player Name              G  A  P  +/- PIM S  H  SB GA TA FO     MP     PP MP  PK MP  
------------------------------------------------------------------------------------
Adam Henrique            1  1  2   0  0   1  2  0  1  1  3/3    19:03   1:26   1:18 
Anze Kopitar             0  0  0   1  2   5  1  1  0  0  9/20   20:38   0:59   3:13 
Dan Hamhuis              0  1  1   1  0   1  2  1  0  1  0/0    17:25   0:00   5:38 
Dougie Hamilton          0  0  0   0  0   0  1  1  0  0  0/0    13:05   0:50   0:37 
Gilbert Brule            1  2  3   1  2   1  0  0  0  1  15/22  23:10   0:26   6:44 
Hampus Lindholm          0  0  0   1  0   2  2  2  0  0  0/0    19:50   1:35   0:43 
Jeff Schultz             0  0  0   1  0   1  2  1  0  0  0/0    25:37   0:00   7:09 
Matt Martin              0  0  0   0  2   0  1  0  1  0  0/0    11:03   0:26   0:00 
Maxim Afinogenov         0  0  0   0  0   1  1  0  0  1  0/0    13:39   0:00   3:21 
Nathan MacKinnon         0  0  0   0  0   2  1  0  0  0  6/9    13:23   1:00   0:00 
Pernell Karl Subban      0  1  1  -1  2   2  1  0  0  1  0/0    25:48   0:50   4:30 
Peter Regin              0  0  0  -1  0   1  0  0  0  0  1/2     9:39   0:00   3:51 
Peter Worrell            0  0  0  -1  2   1  1  0  0  0  0/0    10:02   0:00   2:23 
Sean Bergenheim          0  0  0   1  4   6  1  0  0  1  0/2    19:57   0:59   4:44 
T.J. Oshie               0  0  0   0  0   1  1  0  0  1  0/1    13:41   0:59   0:00 
Torey Krug               0  1  1  -2  2   2  2  0  0  1  0/0    27:27   1:35   6:57 
Tyler Toffoli            1  0  1   0  0   2  0  1  0  0  0/0    16:01   1:00   0:00 
Wes O'Neill              0  0  0  -1  0   0  0  0  1  0  0/0     6:22   0:00   0:00 

3 Stars

1 - Alexander Ovechkin (Nas)
2 - Gilbert Brule (LAK)
3 - Adam Henrique (LAK)

Power Play

Predators - 1 on 8 Attempt(s) - 12.50%
Kings - 1 on 2 Attempt(s) - 50.00%

Penalty Kill

Predators - 1 on 2 Attempt(s) - 50.00% - Score 0 goal in Penalty Kill
Kings - 7 on 8 Attempt(s) - 87.50% - Score 0 goal in Penalty Kill

Team Stat

Predators - Hits : 31 - Faceoff Wins : 25 - Blocked Shots : 8 - Penalty Minutes : 4
Kings - Hits : 19 - Faceoff Wins : 34 - Blocked Shots : 7 - Penalty Minutes : 16

Official

Referees : Unknown
Linesman : Unknown

Game Notes

No Game Note

Finance

Level 1 -- Attendance: 5721 (95.35%) -- Ticket Income $572,100
Level 2 -- Attendance: 3940 (78.80%) -- Ticket Income $275,800
Level 3 -- Attendance: 1893 (94.65%) -- Ticket Income $66,255
Level 4 -- Attendance: 4000 (100.00%) -- Ticket Income $80,000
Luxury Box -- Attendance: 997 (99.70%) -- Ticket Income $179,460
Game was played at the Staples Center.
Total Attendance: 16551 (91.95%)
Total Ticket Income: $1,173,615
Other Income: $176,042
Total Income: $1,349,657

Predators

5 vs 5 Forward 
   Center                   Left Wing                Right Wing               Time % Phy DF OF 
 1 Ryan Kesler              Alexander Ovechkin       Brendan Gallagher        40     1   2  2  
 2 Mikael Granlund          James Van Riemsdyk       Niclas Bergfors          30     1   2  2  
 3 Andy Miele               Alexander Steen          Byron Bitz               16     1   2  2  
 4 Nik Antropov             Justin Abdelkader        Adam Burish              14     1   2  2  

5 vs 5 Defense 
   Defense                  Defense                                           Time % Phy DF OF 
 1 Ryan Mcdonagh            Alexander Edler                                   37     1   2  2  
 2 John Moore               Ryan Murray                                       33     1   2  2  
 3 Nate Schmidt             Denis Grebeshkov                                  20     1   2  2  
 4 Ryan Mcdonagh            Alexander Edler                                   10     1   2  2  

PowerPlay Forward 
   Center                   Left Wing                Right Wing               Time % Phy DF OF 
 1 Ryan Kesler              Alexander Ovechkin       Brendan Gallagher        60     1   1  3  
 2 Mikael Granlund          James Van Riemsdyk       Niclas Bergfors          40     1   1  3  

PowerPlay Defense
   Defense                  Defense                                           Time % Phy DF OF 
 1 Ryan Mcdonagh            Alexander Edler                                   51     1   1  3  
 2 John Moore               Ryan Murray                                       49     1   1  3  

Penalty Kill 4 Players Forward 
   Center                   Wing                     Time % Phy DF OF 
 1 Andy Miele               Adam Burish              60     1   2  2  
 2 Alexander Ovechkin       Byron Bitz               40     1   2  2  

Penalty Kill 4 Players Defense
   Defense                  Defense                  Time % Phy DF OF 
 1 Ryan Mcdonagh            Alexander Edler          60     1   2  2  
 2 John Moore               Nate Schmidt             40     1   2  2  

Penalty Kill - 3 Players Forward 
   Forward                                           Time % Phy DF OF 
 1 Adam Burish                                       60     1   3  1  
 2 Brendan Gallagher                                 40     1   3  1  

Penalty Kill - 3 Players Defense
   Defense                  Defense                  Time % Phy DF OF 
 1 Ryan Mcdonagh            Alexander Edler          60     1   3  1  
 2 John Moore               Nate Schmidt             40     1   3  1  

4 vs 4 Forward 
   Center                   Wing                     Time % Phy DF OF 
 1 Ryan Kesler              Alexander Ovechkin       60     1   2  2  
 2 Mikael Granlund          Niclas Bergfors          40     1   2  2  

4 vs 4 Defense
   Defense                  Defense                  Time % Phy DF OF 
 1 Ryan Mcdonagh            Ryan Murray              60     1   2  2  
 2 John Moore               Alexander Edler          40     1   2  2  

Last Minutes Offensive
   Center                   Left Wing                Right Wing               Defense                  Defense                  
   Ryan Kesler              Alexander Ovechkin       Brendan Gallagher        Ryan Mcdonagh            Alexander Edler          

Last Minutes Defensive
   Center                   Left Wing                Right Wing               Defense                  Defense                  
   Mikael Granlund          Alexander Ovechkin       Brendan Gallagher        John Moore               Ryan Mcdonagh            

Goaltenders
Starting : Viktor Fasth             
Backup : Anders Lindback          

Extra Forwards
Normal : Justin Abdelkader, Andy Miele, Alexander Steen - PP : James Van Riemsdyk, Andy Miele - PK : Brendan Gallagher
Extra Defensemen
Normal : Ryan Mcdonagh, Ryan Murray, Denis Grebeshkov - PP : Denis Grebeshkov - PK : Ryan Murray, Nate Schmidt
Penalty Shots
Alexander Ovechkin, Niclas Bergfors, Andy Miele, Mikael Granlund, James Van Riemsdyk

Scratches
Dmitri Kalinin (Healthy)

Kings

5 vs 5 Forward 
   Center                   Left Wing                Right Wing               Time % Phy DF OF 
 1 Anze Kopitar             Sean Bergenheim          T.J. Oshie               35     1   2  2  
 2 Gilbert Brule            Adam Henrique            Tyler Toffoli            35     1   2  2  
 3 Nathan MacKinnon         Matt Martin              Maxim Afinogenov         25     1   2  2  
 4 Peter Regin              Peter Worrell            Wes O'Neill              5      0   3  2  

5 vs 5 Defense 
   Defense                  Defense                                           Time % Phy DF OF 
 1 Torey Krug               Pernell Karl Subban                               40     1   3  1  
 2 Hampus Lindholm          Jeff Schultz                                      35     1   3  1  
 3 Dougie Hamilton          Dan Hamhuis                                       25     1   3  1  
 4 Jeff Schultz             Pernell Karl Subban                               0      1   2  2  

PowerPlay Forward 
   Center                   Left Wing                Right Wing               Time % Phy DF OF 
 1 Nathan MacKinnon         Adam Henrique            Tyler Toffoli            60     1   0  4  
 2 Anze Kopitar             Sean Bergenheim          T.J. Oshie               40     2   0  3  

PowerPlay Defense
   Defense                  Defense                                           Time % Phy DF OF 
 1 Hampus Lindholm          Torey Krug                                        60     0   2  3  
 2 Dougie Hamilton          Pernell Karl Subban                               40     0   2  3  

Penalty Kill 4 Players Forward 
   Center                   Wing                     Time % Phy DF OF 
 1 Gilbert Brule            Sean Bergenheim          60     0   4  1  
 2 Peter Regin              Maxim Afinogenov         40     0   4  1  

Penalty Kill 4 Players Defense
   Defense                  Defense                  Time % Phy DF OF 
 1 Jeff Schultz             Torey Krug               60     1   4  0  
 2 Pernell Karl Subban      Dan Hamhuis              40     1   4  0  

Penalty Kill - 3 Players Forward 
   Forward                                           Time % Phy DF OF 
 1 Sean Bergenheim                                   60     1   3  1  
 2 Anze Kopitar                                      40     1   3  1  

Penalty Kill - 3 Players Defense
   Defense                  Defense                  Time % Phy DF OF 
 1 Jeff Schultz             Torey Krug               60     1   4  0  
 2 Pernell Karl Subban      Hampus Lindholm          40     1   4  0  

4 vs 4 Forward 
   Center                   Wing                     Time % Phy DF OF 
 1 Anze Kopitar             Adam Henrique            60     1   2  2  
 2 Nathan MacKinnon         Tyler Toffoli            40     1   1  3  

4 vs 4 Defense
   Defense                  Defense                  Time % Phy DF OF 
 1 Torey Krug               Jeff Schultz             60     1   2  2  
 2 Hampus Lindholm          Pernell Karl Subban      40     1   2  2  

Last Minutes Offensive
   Center                   Left Wing                Right Wing               Defense                  Defense                  
   Anze Kopitar             Adam Henrique            Tyler Toffoli            Hampus Lindholm          Torey Krug               

Last Minutes Defensive
   Center                   Left Wing                Right Wing               Defense                  Defense                  
   Anze Kopitar             Sean Bergenheim          Maxim Afinogenov         Jeff Schultz             Torey Krug               

Goaltenders
Starting : Jaroslav Halak           
Backup : John Gibson              

Extra Forwards
Normal : Anze Kopitar, Gilbert Brule, Nathan MacKinnon - PP : Gilbert Brule, Matt Martin - PK : Anze Kopitar
Extra Defensemen
Normal : Hampus Lindholm, Torey Krug, Pernell Karl Subban - PP : Dan Hamhuis - PK : Hampus Lindholm, Dougie Hamilton
Penalty Shots
Gilbert Brule, Anze Kopitar, Peter Regin, Sean Bergenheim, Matt Martin

Scratches
Nathan Horton (Healthy)

% Time on Ice - Predators

Lines # - Real PCT - Wanted PCT - Time Play
Normal Forward
1 - 33% - 40% - 14:21
2 - 27% - 30% - 11:52
3 - 21% - 16% - 9:20
4 - 18% - 14% - 8:00
Normal Defense
1 - 36% - 37% - 15:52
2 - 35% - 33% - 15:07
3 - 24% - 20% - 10:24
4 - 5% - 10% - 2:10
PP Forward
1 - 54% - 60% - 6:58
2 - 46% - 40% - 5:49
PP Defense
1 - 52% - 51% - 6:42
2 - 48% - 49% - 6:05
PK Forward
1 - 76% - 60% - 1:50
2 - 24% - 40% - 0:35
PK Defense
1 - 68% - 60% - 1:39
2 - 32% - 40% - 0:46
PK3 Forward
1 - 0% - 60%
2 - 0% - 40%
PK3 Defense
1 - 0% - 60%
2 - 0% - 40%
44 Forward
1 - 71% - 60% - 4:26
2 - 29% - 40% - 1:49
44 Defense
1 - 59% - 60% - 3:43
2 - 41% - 40% - 2:32
Last Minute Offensive  - 0:00
Last Minute Defensive  - 0:00
Total
Forward - 65:00
Defense - 65:00

% Time on Ice - Kings

Lines # - Real PCT - Wanted PCT - Time Play
Normal Forward
1 - 33% - 35% - 14:16
2 - 30% - 35% - 13:11
3 - 24% - 25% - 10:18
4 - 13% - 5% - 5:48
Normal Defense
1 - 39% - 40% - 16:47
2 - 36% - 35% - 15:47
3 - 25% - 25% - 10:59
4 - 0% - 0% - 0:00
PP Forward
1 - 59% - 60% - 1:26
2 - 41% - 40% - 0:59
PP Defense
1 - 66% - 60% - 1:35
2 - 34% - 40% - 0:50
PK Forward
1 - 74% - 60% - 9:26
2 - 26% - 40% - 3:21
PK Defense
1 - 56% - 60% - 7:09
2 - 44% - 40% - 5:38
PK3 Forward
1 - 0% - 60%
2 - 0% - 40%
PK3 Defense
1 - 0% - 60%
2 - 0% - 40%
44 Forward
1 - 71% - 60% - 4:25
2 - 29% - 40% - 1:50
44 Defense
1 - 63% - 60% - 3:58
2 - 37% - 40% - 2:17
Last Minute Offensive  - 0:00
Last Minute Defensive  - 0:00
Total
Forward - 65:00
Defense - 65:00

Play-by-Play

1st period


0:01 of 1st period - Anze Kopitar wins face-off versus Ryan Kesler in neutral zone.
0:16 of 1st period - Snap shot by Anze Kopitar.
0:16 of 1st period - Shot Misses the Net.
1:36 of 1st period - Wrist shot by Justin Abdelkader.
1:36 of 1st period - Shot Misses the Net.
1:38 of 1st period - Slapshot by Ryan Kesler.
1:38 of 1st period - Shot Misses the Net.
1:40 of 1st period - Slapshot by Alexander Ovechkin.
1:40 of 1st period - Deflect By Brendan Gallagher.
1:40 of 1st period - Stopped by Jaroslav Halak without a rebound.
1:41 of 1st period - Anze Kopitar wins face-off versus Ryan Kesler in Kings zone.
1:59 of 1st period - Snap shot by Alexander Ovechkin.
1:59 of 1st period - Shot Blocked by Hampus Lindholm.
2:11 of 1st period - Hampus Lindholm is hit by Ryan Mcdonagh.
2:35 of 1st period - Slapshot by Alexander Steen.
2:35 of 1st period - Shot Misses the Net.
2:37 of 1st period - Slapshot by Denis Grebeshkov.
2:37 of 1st period - Deflect By Dougie Hamilton.
2:37 of 1st period - Stopped by Jaroslav Halak with a rebound.
3:18 of 1st period - Ryan Mcdonagh is hit by Anze Kopitar and loses puck.
3:39 of 1st period - Jeff Schultz is hit by James Van Riemsdyk and loses puck.
4:25 of 1st period - Icing by Justin Abdelkader.
4:26 of 1st period - Nik Antropov wins face-off versus Nathan MacKinnon in Predators zone.
5:41 of 1st period - John Moore is hit by Dan Hamhuis and loses puck.
6:13 of 1st period - Snap shot by Ryan Kesler.
6:13 of 1st period - Shot Misses the Net.
6:19 of 1st period - Alexander Ovechkin is hit by Jeff Schultz and loses puck.
6:36 of 1st period - Wrist shot by James Van Riemsdyk.
6:36 of 1st period - Shot Hit the Post.
6:38 of 1st period - Snap shot by Mikael Granlund.
6:38 of 1st period - Shot Misses the Net.
6:40 of 1st period - Slapshot by John Moore.
6:40 of 1st period - Deflect By Anze Kopitar.
6:40 of 1st period - Stopped by Jaroslav Halak without a rebound.
6:41 of 1st period - Gilbert Brule wins face-off versus Niclas Bergfors in Kings zone.
6:41 of 1st period - Gilbert Brule is hit by Alexander Edler.
6:44 of 1st period - Minor Penalty to Gilbert Brule for Hooking.
6:45 of 1st period - Ryan Kesler wins face-off versus Anze Kopitar in Kings zone.
6:53 of 1st period - Snap shot by Brendan Gallagher.
6:53 of 1st period - Goal by Brendan Gallagher - Predators : 1 - Kings : 0.
6:54 of 1st period - Adam Henrique wins face-off versus Alexander Ovechkin in neutral zone.
7:05 of 1st period - Ryan Kesler is hit by Pernell Karl Subban and loses puck.
8:02 of 1st period - Torey Krug is hit by Alexander Ovechkin and loses puck.
8:07 of 1st period - Snap shot by Alexander Ovechkin.
8:07 of 1st period - Stopped by Jaroslav Halak without a rebound.
8:08 of 1st period - Gilbert Brule wins face-off versus Ryan Kesler in Kings zone.
8:18 of 1st period - Minor Penalty to John Moore for Roughing.
8:19 of 1st period - Nathan MacKinnon wins face-off versus Andy Miele in Predators zone.
8:23 of 1st period - Snap shot by Adam Henrique.
8:23 of 1st period - Deflect By Tyler Toffoli.
8:23 of 1st period - Shot Blocked by Ryan Mcdonagh.
8:23 of 1st period - Puck is out of play.
8:24 of 1st period - Nathan MacKinnon wins face-off versus Andy Miele in Predators zone.
10:18 of 1st period - Penalty to John Moore is over, John Moore is back on ice.
10:32 of 1st period - Slapshot by Mikael Granlund.
10:32 of 1st period - Deflect By James Van Riemsdyk.
10:32 of 1st period - Shot Blocked by Dougie Hamilton.
10:32 of 1st period - Puck is out of play.
10:33 of 1st period - Nathan MacKinnon wins face-off versus Mikael Granlund in Kings zone.
11:02 of 1st period - Off-side.
11:03 of 1st period - Andy Miele wins face-off versus Gilbert Brule in neutral zone.
11:06 of 1st period - Slapshot by Alexander Edler.
11:06 of 1st period - Stopped by Jaroslav Halak with a rebound.
11:14 of 1st period - Alexander Edler is hit by Adam Henrique and loses puck.
11:29 of 1st period - Ryan Mcdonagh is hit by T.J. Oshie and loses puck.
11:36 of 1st period - Slapshot by Anze Kopitar.
11:36 of 1st period - Stopped by Viktor Fasth with a rebound.
11:56 of 1st period - Snap shot by Peter Worrell.
11:56 of 1st period - Shot Blocked by John Moore.
12:55 of 1st period - Wrist shot by Alexander Steen.
12:55 of 1st period - Stopped by Jaroslav Halak without a rebound.
12:56 of 1st period - Anze Kopitar wins face-off versus Andy Miele in Kings zone.
13:03 of 1st period - Slapshot by Byron Bitz.
13:03 of 1st period - Shot Misses the Net.
13:15 of 1st period - Snap shot by Alexander Steen.
13:15 of 1st period - Deflect By Byron Bitz.
13:15 of 1st period - Stopped by Jaroslav Halak with a rebound.
13:17 of 1st period - Slapshot by Byron Bitz.
13:17 of 1st period - Shot Misses the Net.
13:19 of 1st period - Slapshot by Alexander Steen.
13:19 of 1st period - Stopped by Jaroslav Halak with a rebound.
13:21 of 1st period - Snap shot by Andy Miele.
13:21 of 1st period - Shot Blocked by Jeff Schultz.
13:23 of 1st period - Slapshot by Denis Grebeshkov.
13:23 of 1st period - Shot Misses the Net.
13:25 of 1st period - Snap shot by Andy Miele.
13:25 of 1st period - Shot Misses the Net.
13:27 of 1st period - Slapshot by Denis Grebeshkov.
13:27 of 1st period - Stopped by Jaroslav Halak without a rebound.
13:28 of 1st period - Gilbert Brule wins face-off versus Ryan Kesler in Kings zone.
13:28 of 1st period - Gilbert Brule is hit by Ryan Mcdonagh.
13:54 of 1st period - Ryan Mcdonagh is hit by Matt Martin and loses puck.
14:01 of 1st period - Snap shot by Niclas Bergfors.
14:01 of 1st period - Stopped by Jaroslav Halak with a rebound.
14:23 of 1st period - Snap shot by Anze Kopitar.
14:23 of 1st period - Stopped by Viktor Fasth with a rebound.
14:25 of 1st period - Snap shot by Dougie Hamilton.
14:25 of 1st period - Deflect By Sean Bergenheim.
14:25 of 1st period - Stopped by Viktor Fasth without a rebound.
14:26 of 1st period - Ryan Kesler wins face-off versus Gilbert Brule in Predators zone.
14:26 of 1st period - Ryan Kesler is hit by Adam Henrique.
15:53 of 1st period - Wrist shot by Tyler Toffoli.
15:53 of 1st period - Goal by Tyler Toffoli - Predators : 1 - Kings : 1.
15:54 of 1st period - Ryan Kesler wins face-off versus Anze Kopitar in neutral zone.
15:58 of 1st period - Off-side.
15:59 of 1st period - Anze Kopitar wins face-off versus Ryan Kesler in neutral zone.
16:01 of 1st period - Minor Penalty to Sean Bergenheim for Roughing.
16:02 of 1st period - Ryan Kesler wins face-off versus Gilbert Brule in Kings zone.
16:29 of 1st period - Gilbert Brule is hit by James Van Riemsdyk and loses puck.
18:01 of 1st period - Penalty to Sean Bergenheim is over, Sean Bergenheim is back on ice.
18:11 of 1st period - Wrist shot by Andy Miele.
18:11 of 1st period - Stopped by Jaroslav Halak without a rebound.
18:12 of 1st period - Nathan MacKinnon wins face-off versus Andy Miele in Kings zone.
18:21 of 1st period - Snap shot by Nathan MacKinnon.
18:21 of 1st period - Deflect By Matt Martin.
18:21 of 1st period - Shot Misses the Net.
18:21 of 1st period - Puck is out of play.
18:22 of 1st period - Nathan MacKinnon wins face-off versus Mikael Granlund in Predators zone.
18:29 of 1st period - Snap shot by Maxim Afinogenov.
18:29 of 1st period - Stopped by Viktor Fasth with a rebound.
18:33 of 1st period - Wrist shot by Nathan MacKinnon.
18:33 of 1st period - Stopped by Viktor Fasth without a rebound.
18:34 of 1st period - Gilbert Brule wins face-off versus Ryan Kesler in Predators zone.
18:41 of 1st period - Slapshot by Adam Henrique.
18:41 of 1st period - Shot Misses the Net.
18:43 of 1st period - Slapshot by Hampus Lindholm.
18:43 of 1st period - Shot Blocked by Alexander Ovechkin.
18:59 of 1st period - Niclas Bergfors is hit by Jeff Schultz and loses puck.
Goals for this period are 1 for Predators vs 1 for Kings.
Shots for this period are 12 for Predators vs 6 for Kings.

2nd period


0:01 of 2nd period - Ryan Kesler wins face-off versus Anze Kopitar in neutral zone.
0:37 of 2nd period - Wrist shot by Adam Henrique.
0:37 of 2nd period - Shot Misses the Net.
0:39 of 2nd period - Wrist shot by Jeff Schultz.
0:39 of 2nd period - Shot Blocked by Ryan Murray.
1:00 of 2nd period - Slapshot by Ryan Murray.
1:00 of 2nd period - Stopped by Jaroslav Halak with a rebound.
1:02 of 2nd period - Snap shot by Nik Antropov.
1:02 of 2nd period - Stopped by Jaroslav Halak without a rebound.
1:03 of 2nd period - Ryan Kesler wins face-off versus Anze Kopitar in Kings zone.
1:06 of 2nd period - Backhand shot by Alexander Ovechkin.
1:06 of 2nd period - Shot Blocked by Anze Kopitar.
1:53 of 2nd period - Snap shot by Matt Martin.
1:53 of 2nd period - Shot Misses the Net.
1:55 of 2nd period - Snap shot by Maxim Afinogenov.
1:55 of 2nd period - Deflect By Nathan MacKinnon.
1:55 of 2nd period - Stopped by Viktor Fasth with a rebound.
1:57 of 2nd period - Backhand shot by Dan Hamhuis.
1:57 of 2nd period - Shot Misses the Net.
1:59 of 2nd period - Wrist shot by Maxim Afinogenov.
1:59 of 2nd period - Deflect By Nathan MacKinnon.
1:59 of 2nd period - Shot Misses the Net.
1:59 of 2nd period - Puck is out of play.
2:00 of 2nd period - Ryan Kesler wins face-off versus Anze Kopitar in Predators zone.
2:05 of 2nd period - Wrist shot by Sean Bergenheim.
2:05 of 2nd period - Stopped by Viktor Fasth with a rebound.
2:11 of 2nd period - Jeff Schultz is hit by Brendan Gallagher and loses puck.
2:31 of 2nd period - Slapshot by John Moore.
2:31 of 2nd period - Shot Misses the Net.
2:33 of 2nd period - Slapshot by Niclas Bergfors.
2:33 of 2nd period - Stopped by Jaroslav Halak without a rebound.
2:34 of 2nd period - Ryan Kesler wins face-off versus Gilbert Brule in Kings zone.
2:41 of 2nd period - Wrist shot by Alexander Ovechkin.
2:41 of 2nd period - Stopped by Jaroslav Halak without a rebound.
2:42 of 2nd period - Adam Henrique wins face-off versus Brendan Gallagher in Kings zone.
3:09 of 2nd period - Off-side.
3:10 of 2nd period - Anze Kopitar wins face-off versus Mikael Granlund in neutral zone.
3:19 of 2nd period - Snap shot by Sean Bergenheim.
3:19 of 2nd period - Stopped by Viktor Fasth without a rebound.
3:20 of 2nd period - Mikael Granlund wins face-off versus Anze Kopitar in Predators zone.
4:31 of 2nd period - Anze Kopitar is hit by James Van Riemsdyk and loses puck.
4:54 of 2nd period - Wrist shot by Sean Bergenheim.
4:54 of 2nd period - Shot Misses the Net.
5:04 of 2nd period - Wrist shot by Sean Bergenheim.
5:04 of 2nd period - Stopped by Viktor Fasth with a rebound.
5:06 of 2nd period - Snap shot by Anze Kopitar.
5:06 of 2nd period - Stopped by Viktor Fasth with a rebound.
6:03 of 2nd period - Wrist shot by Hampus Lindholm.
6:03 of 2nd period - Deflect By T.J. Oshie.
6:03 of 2nd period - Stopped by Viktor Fasth without a rebound.
6:04 of 2nd period - Ryan Kesler wins face-off versus Gilbert Brule in Predators zone.
6:17 of 2nd period - Wrist shot by Alexander Ovechkin.
6:17 of 2nd period - Shot Blocked by Tyler Toffoli.
6:19 of 2nd period - Slapshot by Ryan Murray.
6:19 of 2nd period - Shot Misses the Net.
6:50 of 2nd period - Wrist shot by Peter Regin.
6:50 of 2nd period - Stopped by Viktor Fasth with a rebound.
7:08 of 2nd period - Pernell Karl Subban is hit by Alexander Ovechkin and loses puck.
7:29 of 2nd period - Slapshot by Dan Hamhuis.
7:29 of 2nd period - Shot Misses the Net.
7:55 of 2nd period - Torey Krug is hit by Alexander Ovechkin and loses puck.
9:26 of 2nd period - Peter Worrell is hit by Alexander Steen.
9:39 of 2nd period - Icing by Torey Krug.
9:40 of 2nd period - Adam Henrique wins face-off versus Nik Antropov in Kings zone.
9:45 of 2nd period - Ryan Mcdonagh is hit by Nathan MacKinnon and loses puck.
10:06 of 2nd period - Matt Martin is hit by Andy Miele and loses puck.
10:31 of 2nd period - Peter Worrell is hit by Brendan Gallagher and loses puck.
10:36 of 2nd period - Slapshot by Ryan Kesler.
10:36 of 2nd period - Stopped by Jaroslav Halak with a rebound.
12:22 of 2nd period - Nate Schmidt is hit by Dougie Hamilton and loses puck.
12:35 of 2nd period - Snap shot by Alexander Ovechkin.
12:35 of 2nd period - Shot Misses the Net.
13:03 of 2nd period - Wes O'Neill is hit by Niclas Bergfors and loses puck.
13:16 of 2nd period - Jeff Schultz is hit by Denis Grebeshkov and loses puck.
13:21 of 2nd period - Snap shot by Nik Antropov.
13:21 of 2nd period - Stopped by Jaroslav Halak without a rebound.
13:22 of 2nd period - Ryan Kesler wins face-off versus Sean Bergenheim in Kings zone.
13:28 of 2nd period - Minor Penalty to Sean Bergenheim for Interference.
13:29 of 2nd period - Gilbert Brule wins face-off versus Ryan Kesler in Kings zone.
13:29 of 2nd period - Gilbert Brule is hit by Ryan Mcdonagh.
13:54 of 2nd period - Mikael Granlund is hit by Torey Krug and loses puck.
14:03 of 2nd period - Wrist shot by Niclas Bergfors.
14:03 of 2nd period - Deflect By Mikael Granlund.
14:03 of 2nd period - Shot Misses the Net.
14:03 of 2nd period - Puck is out of play.
14:04 of 2nd period - Ryan Kesler wins face-off versus Anze Kopitar in Kings zone.
14:07 of 2nd period - Snap shot by Ryan Kesler.
14:07 of 2nd period - Stopped by Jaroslav Halak with a rebound.
15:28 of 2nd period - Penalty to Sean Bergenheim is over, Sean Bergenheim is back on ice.
15:37 of 2nd period - Wrist shot by Sean Bergenheim.
15:37 of 2nd period - Stopped by Viktor Fasth with a rebound.
17:14 of 2nd period - Sean Bergenheim is hit by Denis Grebeshkov and loses puck.
17:33 of 2nd period - Gilbert Brule is hit by Denis Grebeshkov and loses puck.
18:12 of 2nd period - Wrist shot by Byron Bitz.
18:12 of 2nd period - Goal by Byron Bitz - Predators : 2 - Kings : 1.
18:13 of 2nd period - Gilbert Brule wins face-off versus Ryan Kesler in neutral zone.
18:16 of 2nd period - Slapshot by Dan Hamhuis.
18:16 of 2nd period - Deflect By Tyler Toffoli.
18:16 of 2nd period - Stopped by Viktor Fasth with a rebound.
18:30 of 2nd period - Snap shot by Gilbert Brule.
18:30 of 2nd period - Shot Misses the Net.
18:41 of 2nd period - Minor Penalty to Anze Kopitar for Hooking.
18:42 of 2nd period - Gilbert Brule wins face-off versus Ryan Kesler in Kings zone.
18:42 of 2nd period - Gilbert Brule is hit by Ryan Kesler.
Goals for this period are 1 for Predators vs 0 for Kings.
Shots for this period are 8 for Predators vs 9 for Kings.

3rd period


0:01 of 3rd period - Gilbert Brule wins face-off versus Ryan Kesler in neutral zone.
0:04 of 3rd period - Slapshot by Jeff Schultz.
0:04 of 3rd period - Stopped by Viktor Fasth with a rebound.
0:25 of 3rd period - Mikael Granlund is hit by Torey Krug.
0:33 of 3rd period - Slapshot by Ryan Mcdonagh.
0:33 of 3rd period - Stopped by Jaroslav Halak without a rebound.
0:34 of 3rd period - Gilbert Brule wins face-off versus Alexander Ovechkin in Kings zone.
0:41 of 3rd period - Penalty to Anze Kopitar is over, Anze Kopitar is back on ice.
0:44 of 3rd period - Anze Kopitar is hit by Brendan Gallagher and loses puck.
0:55 of 3rd period - Snap shot by Anze Kopitar.
0:55 of 3rd period - Shot Misses the Net.
0:57 of 3rd period - Backhand shot by Dan Hamhuis.
0:57 of 3rd period - Shot Blocked by Ryan Murray.
0:59 of 3rd period - Slapshot by Dan Hamhuis.
0:59 of 3rd period - Shot Blocked by Ryan Murray.
1:01 of 3rd period - Backhand shot by Dan Hamhuis.
1:01 of 3rd period - Stopped by Viktor Fasth with a rebound.
1:03 of 3rd period - Slapshot by Pernell Karl Subban.
1:03 of 3rd period - Deflect By Gilbert Brule.
1:03 of 3rd period - Goal by Gilbert Brule - Predators : 2 - Kings : 2.
1:04 of 3rd period - Gilbert Brule wins face-off versus Ryan Kesler in neutral zone.
1:49 of 3rd period - Off-side.
1:50 of 3rd period - Andy Miele wins face-off versus Peter Regin in neutral zone.
1:59 of 3rd period - Alexander Steen is hit by Peter Worrell.
2:15 of 3rd period - Torey Krug is hit by Ryan Murray and loses puck.
2:20 of 3rd period - Snap shot by Alexander Ovechkin.
2:20 of 3rd period - Goal by Alexander Ovechkin - Predators : 3 - Kings : 2.
2:21 of 3rd period - Gilbert Brule wins face-off versus Brendan Gallagher in neutral zone.
3:24 of 3rd period - Snap shot by Andy Miele.
3:24 of 3rd period - Stopped by Jaroslav Halak with a rebound.
3:32 of 3rd period - Slapshot by Dougie Hamilton.
3:32 of 3rd period - Shot Misses the Net.
3:34 of 3rd period - Slapshot by Gilbert Brule.
3:34 of 3rd period - Shot Misses the Net.
3:36 of 3rd period - Slapshot by Pernell Karl Subban.
3:36 of 3rd period - Shot Blocked by Alexander Edler.
3:38 of 3rd period - Slapshot by Torey Krug.
3:38 of 3rd period - Stopped by Viktor Fasth without a rebound.
3:39 of 3rd period - Anze Kopitar wins face-off versus Ryan Kesler in Predators zone.
4:10 of 3rd period - Snap shot by Matt Martin.
4:10 of 3rd period - Shot Misses the Net.
4:12 of 3rd period - Snap shot by Pernell Karl Subban.
4:12 of 3rd period - Stopped by Viktor Fasth without a rebound.
4:13 of 3rd period - Nathan MacKinnon wins face-off versus James Van Riemsdyk in Predators zone.
4:38 of 3rd period - Wrist shot by Nathan MacKinnon.
4:38 of 3rd period - Shot Misses the Net.
4:40 of 3rd period - Snap shot by Matt Martin.
4:40 of 3rd period - Deflect By Brendan Gallagher.
4:40 of 3rd period - Shot Misses the Net.
4:40 of 3rd period - Puck is out of play.
4:41 of 3rd period - Ryan Kesler wins face-off versus Anze Kopitar in Predators zone.
5:15 of 3rd period - Off-side.
5:16 of 3rd period - Mikael Granlund wins face-off versus Nathan MacKinnon in neutral zone.
5:31 of 3rd period - Snap shot by Nathan MacKinnon.
5:31 of 3rd period - Shot Blocked by Mikael Granlund.
5:53 of 3rd period - Icing by John Moore.
5:54 of 3rd period - Nik Antropov wins face-off versus Sean Bergenheim in Predators zone.
6:01 of 3rd period - Wrist shot by Anze Kopitar.
6:01 of 3rd period - Stopped by Viktor Fasth without a rebound.
6:02 of 3rd period - Alexander Ovechkin wins face-off versus Anze Kopitar in Predators zone.
6:10 of 3rd period - Slapshot by Alexander Edler.
6:10 of 3rd period - Stopped by Jaroslav Halak without a rebound.
6:11 of 3rd period - Ryan Kesler wins face-off versus Gilbert Brule in Kings zone.
6:15 of 3rd period - Minor Penalty to Pernell Karl Subban for Hooking.
6:16 of 3rd period - Gilbert Brule wins face-off versus Ryan Kesler in Kings zone.
6:42 of 3rd period - Peter Regin is hit by Mikael Granlund and loses puck.
7:09 of 3rd period - Gilbert Brule is hit by Alexander Ovechkin and loses puck.
8:15 of 3rd period - Penalty to Pernell Karl Subban is over, Pernell Karl Subban is back on ice.
8:26 of 3rd period - Snap shot by Pernell Karl Subban.
8:26 of 3rd period - Stopped by Viktor Fasth with a rebound.
8:49 of 3rd period - Minor Penalty to Torey Krug for Hooking.
8:50 of 3rd period - Peter Regin wins face-off versus Mikael Granlund in Kings zone.
9:04 of 3rd period - Mikael Granlund is hit by Maxim Afinogenov and loses puck.
9:17 of 3rd period - Alexander Ovechkin is hit by Sean Bergenheim and loses puck.
9:21 of 3rd period - Icing by Ryan Kesler.
9:22 of 3rd period - Gilbert Brule wins face-off versus Ryan Kesler in Predators zone.
9:33 of 3rd period - Minor Penalty to Brendan Gallagher for Tripping.
9:34 of 3rd period - Anze Kopitar wins face-off versus Ryan Kesler in Predators zone.
9:35 of 3rd period - Slapshot by Adam Henrique.
9:35 of 3rd period - Shot Misses the Net.
9:41 of 3rd period - Adam Henrique is hit by Alexander Ovechkin and loses puck.
10:47 of 3rd period - Gilbert Brule is hit by Justin Abdelkader and loses puck.
10:49 of 3rd period - Penalty to Torey Krug is over, Torey Krug is back on ice.
10:54 of 3rd period - Slapshot by Hampus Lindholm.
10:54 of 3rd period - Stopped by Viktor Fasth with a rebound.
10:56 of 3rd period - Slapshot by Hampus Lindholm.
10:56 of 3rd period - Stopped by Viktor Fasth with a rebound.
10:58 of 3rd period - Snap shot by Adam Henrique.
10:58 of 3rd period - Shot Hit the Post.
11:00 of 3rd period - Slapshot by Hampus Lindholm.
11:00 of 3rd period - Shot Misses the Net.
11:02 of 3rd period - Snap shot by Gilbert Brule.
11:02 of 3rd period - Shot Misses the Net.
11:04 of 3rd period - Snap shot by Matt Martin.
11:04 of 3rd period - Shot Misses the Net.
11:14 of 3rd period - Snap shot by Adam Henrique.
11:14 of 3rd period - Goal by Adam Henrique - Predators : 3 - Kings : 3.
11:15 of 3rd period - Alexander Ovechkin wins face-off versus Anze Kopitar in neutral zone.
11:45 of 3rd period - Minor Penalty to Matt Martin for Goalie Interference.
11:46 of 3rd period - Gilbert Brule wins face-off versus Ryan Kesler in Kings zone.
11:46 of 3rd period - Gilbert Brule is hit by Alexander Ovechkin.
12:13 of 3rd period - Peter Regin is hit by Ryan Murray and loses puck.
13:45 of 3rd period - Penalty to Matt Martin is over, Matt Martin is back on ice.
13:57 of 3rd period - Andy Miele is hit by Dan Hamhuis and loses puck.
14:04 of 3rd period - Snap shot by Sean Bergenheim.
14:04 of 3rd period - Stopped by Viktor Fasth without a rebound.
14:05 of 3rd period - Nik Antropov wins face-off versus Nathan MacKinnon in Predators zone.
15:38 of 3rd period - Wrist shot by Justin Abdelkader.
15:38 of 3rd period - Stopped by Jaroslav Halak with a rebound.
15:40 of 3rd period - Slapshot by Alexander Edler.
15:40 of 3rd period - Shot Misses the Net.
15:42 of 3rd period - Snap shot by Justin Abdelkader.
15:42 of 3rd period - Deflect By Adam Burish.
15:42 of 3rd period - Stopped by Jaroslav Halak without a rebound.
15:43 of 3rd period - Ryan Kesler wins face-off versus T.J. Oshie in Kings zone.
16:29 of 3rd period - Snap shot by Andy Miele.
16:29 of 3rd period - Shot Blocked by Dan Hamhuis.
17:08 of 3rd period - Mikael Granlund is hit by Hampus Lindholm and loses puck.
17:49 of 3rd period - Minor Penalty to Peter Worrell for Hooking.
17:50 of 3rd period - Ryan Kesler wins face-off versus Gilbert Brule in Kings zone.
17:52 of 3rd period - Slapshot by Ryan Kesler.
17:52 of 3rd period - Stopped by Jaroslav Halak with a rebound.
18:40 of 3rd period - Pernell Karl Subban is hit by Ryan Kesler and loses puck.
18:55 of 3rd period - Maxim Afinogenov is hit by Niclas Bergfors and loses puck.
19:49 of 3rd period - Penalty to Peter Worrell is over, Peter Worrell is back on ice.
Goals for this period are 1 for Predators vs 2 for Kings.
Shots for this period are 7 for Predators vs 11 for Kings.

Overtime #1


0:01 of 1st overtime period - Ryan Kesler wins face-off versus Anze Kopitar in neutral zone.
0:10 of 1st overtime period - Snap shot by Alexander Ovechkin.
0:10 of 1st overtime period - Shot Misses the Net.
0:47 of 1st overtime period - Snap shot by Niclas Bergfors.
0:47 of 1st overtime period - Shot Blocked by Hampus Lindholm.
0:57 of 1st overtime period - Ryan Murray is hit by Hampus Lindholm and loses puck.
1:29 of 1st overtime period - Icing by Jeff Schultz.
1:30 of 1st overtime period - Gilbert Brule wins face-off versus Ryan Kesler in Kings zone.
1:45 of 1st overtime period - Backhand shot by Gilbert Brule.
1:45 of 1st overtime period - Deflect By Peter Worrell.
1:45 of 1st overtime period - Stopped by Viktor Fasth without a rebound.
1:46 of 1st overtime period - Anze Kopitar wins face-off versus Ryan Kesler in Predators zone.
1:49 of 1st overtime period - Snap shot by Anze Kopitar.
1:49 of 1st overtime period - Stopped by Viktor Fasth with a rebound.
2:15 of 1st overtime period - Slapshot by Ryan Mcdonagh.
2:15 of 1st overtime period - Deflect By Adam Henrique.
2:15 of 1st overtime period - Stopped by Jaroslav Halak with a rebound.
2:46 of 1st overtime period - Off-side.
2:47 of 1st overtime period - Anze Kopitar wins face-off versus Justin Abdelkader in neutral zone.
3:14 of 1st overtime period - Slapshot by Torey Krug.
3:14 of 1st overtime period - Stopped by Viktor Fasth with a rebound.
3:20 of 1st overtime period - Slapshot by Mikael Granlund.
3:20 of 1st overtime period - Shot Misses the Net.
4:10 of 1st overtime period - Gilbert Brule is hit by John Moore and loses puck.
4:33 of 1st overtime period - Tyler Toffoli is hit by Denis Grebeshkov and loses puck.
Goals for this period are 0 for Predators vs 0 for Kings.
Shots for this period are 1 for Predators vs 3 for Kings.

ShootOut


5:00 of 1st overtime period - Round #1.
5:00 of 1st overtime period - Predators, Alexander Ovechkin.
5:00 of 1st overtime period - Snap shot by Alexander Ovechkin.
5:00 of 1st overtime period - Stopped by Jaroslav Halak.
5:00 of 1st overtime period - Kings, Gilbert Brule.
5:00 of 1st overtime period - Wrist shot by Gilbert Brule.
5:00 of 1st overtime period - Stopped by Viktor Fasth.
5:00 of 1st overtime period - Round #2.
5:00 of 1st overtime period - Predators, Niclas Bergfors.
5:00 of 1st overtime period - Deke by Niclas Bergfors.
5:00 of 1st overtime period - Goal by Niclas Bergfors.
5:00 of 1st overtime period - Kings, Anze Kopitar.
5:00 of 1st overtime period - Wrist shot by Anze Kopitar.
5:00 of 1st overtime period - Stopped by Viktor Fasth.
5:00 of 1st overtime period - Round #3.
5:00 of 1st overtime period - Predators, Andy Miele.
5:00 of 1st overtime period - Wrist shot by Andy Miele.
5:00 of 1st overtime period - Stopped by Jaroslav Halak.
5:00 of 1st overtime period - Kings, Peter Regin.
5:00 of 1st overtime period - Deke by Peter Regin.
5:00 of 1st overtime period - Goal by Peter Regin.
5:00 of 1st overtime period - Round #4.
5:00 of 1st overtime period - Predators, Mikael Granlund.
5:00 of 1st overtime period - Backhand shot by Mikael Granlund.
5:00 of 1st overtime period - Goal by Mikael Granlund.
5:00 of 1st overtime period - Kings, Sean Bergenheim.
5:00 of 1st overtime period - Deke by Sean Bergenheim.
5:00 of 1st overtime period - Goal by Sean Bergenheim.
5:00 of 1st overtime period - Round #5.
5:00 of 1st overtime period - Predators, James Van Riemsdyk.
5:00 of 1st overtime period - Snap shot by James Van Riemsdyk.
5:00 of 1st overtime period - Shot Misses the Net.
5:00 of 1st overtime period - Kings, Matt Martin.
5:00 of 1st overtime period - Backhand shot by Matt Martin.
5:00 of 1st overtime period - Goal by Matt Martin.